 Dungeon Crawl Stone Soup version 0.17-a0-2118-g63bad21 (webtiles) character file.

117 tp1 the Magician (level 4, -1/24 HPs)
             Began as a Deep Elf Conjurer on Oct 20, 2015.
             Slain by an orc
             ... wielding a +0 mace
              (3 damage)
             ... on level 3 of the Dungeon.
             The game lasted 00:17:50 (4039 turns).

tp1 the Magician (Deep Elf Conjurer)                Turns: 4039, Time: 00:17:51

Health: -1/24      AC:  2    Str:  5    XL:     4   Next: 71%
Magic:  3/13       EV: 13    Int: 21    God:
Gold:   114        SH:  0    Dex: 15    Spells: 2 memorised, 10 levels left

rFire  . . .     SeeInvis .     p - +0 dagger (venom)
rCold  . . .     Clarity  .     a - +0 robe
rNeg   . . .     SustAt   .     (no shield)
rPois  .         Gourm    .     (no helmet)
rElec  .         Spirit   .     (no cloak)
rCorr  .         Warding  .     (no gloves)
rMut   .         Stasis   .     (no boots)
MR     .....                    (no amulet)
Stlth  ++........               (no ring)
                                (no ring)

@: not resistant to hostile enchantments, unstealthy
A: no striking features
a: no special abilities


You were on level 3 of the Dungeon.
You were not hungry.

You visited 1 branch of the dungeon, and saw 3 of its levels.

You collected 114 gold pieces.

Inventory:

Hand Weapons
 e - a +0 dagger
 p - a +0 dagger of venom (weapon)
Armour
 a - a +0 robe (worn)
Scrolls
 f - a scroll of identify
 g - a scroll of magic mapping {unknown}
 h - 2 scrolls of teleportation {unknown}
 n - a scroll of remove curse
 o - a scroll of enchant armour {unknown}
Potions
 i - a potion of invisibility
 k - a potion of brilliance {unknown}
 m - a potion of heal wounds {unknown}
 q - a potion of flight {unknown}
Books
 b - a book of Conjurations

   Spells                             Type                      Level
   a - Magic Dart                     Conjuration                  1
   b - Searing Ray                    Conjuration                  2
   c - Dazzling Spray                 Conjuration/Hexes            3
   d - Fulminant Prism                Conjuration/Hexes            4
   e - Iskenderun's Mystic Blast      Conjuration                  4
   f - Iskenderun's Battlesphere      Conjuration/Charms           5
Comestibles
 c - 4 bread rations
 d - 3 meat rations
 j - 4 chunks of flesh
 l - 4 fruits


   Skills:
 - Level 3.0 Dodging
 - Level 3.0 Stealth
 + Level 5.2 Spellcasting
 - Level 5.1 Conjurations


You had 10 spell levels left.
You knew the following spells:

 Your Spells              Type           Power        Failure   Level  Hunger
a - Magic Dart            Conj           ####         1%          1    None
b - Searing Ray           Conj           ####..       1%          2    None


Dungeon Overview and Level Annotations

Branches:
Dungeon (3/15)

Altars:


Message History

* * * LOW HITPOINT WARNING * * *
Items here: ))) [ a flail; a leather armour; a club; a short sword You barely miss the orc.
The orc barely misses you.
You closely miss the orc. The orc closely misses you.
You hit the orc.
The orc is moderately wounded.
The orc closely misses you.
You barely miss the orc.
The orc is moderately wounded.
The orc misses you.
You hit the orc.
The orc is severely wounded.
You hit the orc.
The orc is poisoned.
The orc is severely wounded.
The orc misses you.
You hit the orc but do no damage.
The orc is severely wounded.
The orc hits you with a mace.
You die...

#...#.# #.....#
### .. .....# ..#
... ....# #.# #..
)..# #.# ... ..#
#.###.# .
#o####.#...# ..
#@##.....####...
#)##.##..#....#
#####.#..###...# #
#รท.......###..##
#.
#......)...#....##
#..
###..........##..#
#..
#....(....####.#
... ..........##
#.##.#
#####..#####
#...[#


You could see an orc.

Vanquished Creatures
  4 adders (D:2)
  An ooze (D:2)
  2 worms (D:2)
  4 orcs (D:3)
  8 bats
  5 giant cockroaches
  11 goblins
  7 hobgoblins
  3 jackals (D:2)
  A quokka (D:2)
  3 giant geckos (D:1)
  4 kobolds
  10 rats
63 creatures vanquished.

Notes
Turn   | Place    | Note
--------------------------------------------------------------
     0 | D:1      | tp1 the Deep Elf Conjurer began the quest for the Orb.
     0 | D:1      | Reached XP level 1. HP: 10/10 MP: 6/6
   207 | D:1      | Reached XP level 2. HP: 15/15 MP: 0/8
  1929 | D:2      | Reached XP level 3. HP: 19/19 MP: 5/9
  1964 | D:2      | Reached skill level 5 in Conjurations
  2006 | D:2      | Learned a level 2 spell: Searing Ray
  2210 | D:2      | Reached XP level 4. HP: 24/24 MP: 2/12
  3977 | D:3      | Reached skill level 5 in Spellcasting
  4032 | D:3      | HP: 1/24 [orc/mace (8)]
  4039 | D:3      | Slain by an orc

Vault maps used:
D:1:      sevenhm_arrival_forest_fort_large_2
D:2:      first_bread

Action                   |  1- 3 |  4- 6 || total
-------------------------+-------+-------++-------
Melee: Dagger            |    10 |    10 ||    20
 Cast: Magic Dart        |    74 |    46 ||   120
       Searing Ray       |     3 |     9 ||    12
  Use: Scroll            |     2 |       ||     2
  Eat: Chunk             |     4 |     5 ||     9
